woodfighter, chaotic female orcish Cavewoman }}}}}}}}}}}}}}}}}}}}}}}}}}}}}}}}}}}}}}}}}}}}}}}}}}}}}}}}}}}}}}}}}}}}}}}}}}} }}}}}}}}}}}}}}}}}}}}}}}}}}}}}}}}}}}}}}}}}}}}}}}}}}}}}}}}}}}}}}}}}}}}}}}}}}} }}}}}}}}}.}}}}}}.....}}}}}}}}}}}}}}}}}}}}}}}}}}}}}}}}}}}}}}}}}}}}}}`}}}}}}} }}`.}}}....}}}}}....}}}}}}}}}}}}}}}}}}}}}}}}}}}}}}}}}}}}}}}}......`.....}}} }...}}}}}}}}}}}....}}}..}}}}}}}}}}}}}}}}}}}}}}}}}}}}}}}}}}}}}}}...}}}}}..}} }...}}}}}}}}}}....}}}}..}}}}}}}}}}}.......}}}}}}}}}}}}}}}}}}}}}`}..}}}}..}} }...}}}}}}}}}}}}}}}}}}}}}}}}}}----------------- }}}}}}}}}}}.......}} }...}}}}}}}}}}}}}}}}}}}}}}}}}.| }} }....}}}}}...}}}}}}}}}}}}}}.`.----- }.....}}}}}`}}}}}}}}}}}}}}}......)| }....}}}}}}}}}}}}}}}}}}}}}}.....))| }....}}}}}}}}}}}}}}}}}}}}}}.'.----- }..D..}}}}}}}}}}}}}}}}}}}}}}}.| }}}}}}}}}} }......}}}}}}}}}}}}}}}}}}}}}}}----------------- }}}}}}}}}}}}...}}}}}}} }..@.<..}}}}}}`...}}}}}}}}}}}}}}}}}.....q.}}}}}}}}}}..}}}}}}}}}...(..}}}}}} }.....}}}}}}}}}}.....}}}}}}}}}}}}}}}}}}}^}}}}}}}}}}.....}}}}}}..}}}.}}}}}}} }n..}}}}}}}}}}}}}....}}}}}}}}}}}}}}}}}}}}}}}}}}}}}}}..}}}}}}}}}}`}?}}}}}}}} }}.}}}}}}}}}}}}}}..).}}}}}}}}}}}}}}}}}}}}}}}..}}..}}}}}}}}}}}}}}}}}}}}}}}}} }}}}}}}}}}}}}}}}}}}}}}}}}}}}}}}}}}}}}}}}}}}}}}}}}}}}}}}}}}}}}}}}}}}}}}}}}}} }}}}}}}}}}}}}}}}}}}}}}}}}}}}}}}}}}}}}}}}}}}}}}}}}}}}}}}}}}}}}}}}}}}}}}}}}}} woodfighter the Cave Woman Experience level: 12 Strength: 18/26 Dexterity: 16 Constitution: 18 Intelligence: 8 Wisdom: 7 Charisma: 8 Health: 0(83) Energy: 34(34) Def: 4 Gold: 0 Moves: 18463 Dungeon seed: dXTs5bHtTGxMio_q Game ID: woodfighter_1474459307 Spells and supernatural/magical abilities: Name Level Category Fail Memory W - pray for help -- divine ? -- Your skills at the end: Miscellaneous Skills bare handed combat [Basic] shield [Skilled] stealth [Skilled] Weapon Skills scimitar [Basic] club [Expert] sling [Basic] Spellcasting Skills Final Attributes: You were piously aligned. You were fire resistant. You were cold resistant. You were sleep resistant. You were disintegration-resistant. You were poison resistant. You saw invisible. You were telepathic. You had infravision. You were invisible to others. You were very stealthy. You were protected. You were fast. You are dead. Vanquished creatures: a young black dragon a stone golem a nurse a ghost 2 ettins a queen bee 3 giant mimics 4 fire giants an Elvenking a large mimic a wumpus 5 stalkers 2 air elementals a fire elemental 2 hill giants a giant mummy an elf-lord 4 wargs 5 quantum mechanics a small mimic 2 xans 5 trolls a sasquatch a large dog a freezing sphere 2 flaming spheres 3 shocking spheres 2 large cats 3 tigers a gargoyle 2 dwarf kings a tengu 2 gelatinous cubes 4 ochre jellies 3 crocodiles 2 chameleons a leocrotta 2 elf mummies 3 human mummies 14 Grey-elves a python 2 cobras 3 wraiths an ettin zombie 2 leather golems a soldier 2 incubi 6 giant beetles 2 cockatrices 3 wolves 2 black lights 2 panthers 2 gremlins 5 leprechauns a quivering blob 5 lizards a mountain nymph 3 giant spiders 3 scorpions an iron piercer a horse a vampire bat 6 gnome kings 2 orc mummies 4 Green-elves a rust monster an owlbear a yeti a gold golem a werewolf 5 piranhas 2 dogs 2 dingos 3 housecats 2 dwarf lords 2 blue jellies a water nymph 3 white unicorns 2 dust vortices 2 ravens 3 plains centaurs 2 gnome mummies 9 Woodland-elves 2 snakes 5 apes 5 human zombies 2 rope golems 4 soldier ants 3 yellow lights 11 bugbears 3 wood nymphs a Mordor orc 2 Uruk-hai an orc shaman 6 rock moles 3 rock piercers 3 ponies a fog cloud 2 shriekers a violet fungus 18 gnome lords 10 gnomish wizards 2 kobold mummies a guardian naga hatchling 4 gray oozes an elf zombie 2 ghouls a straw golem a paper golem 3 jellyfish 8 giant ants a puppy 9 floating eyes a kitten 24 dwarves 3 homunculi a kobold lord 9 iguanas 3 hill orcs 3 rothes 2 rabid rats 3 giant bats 3 monkeys 9 orc zombies 2 wererats a werejackal 17 killer bees 7 coyotes 6 gas spores 10 hobbits 3 acid blobs 4 large kobolds 9 geckos 8 hobgoblins 5 giant rats 7 cave spiders a brown mold 3 yellow molds 3 green molds a red mold 76 gnomes 22 garter snakes 20 manes 2 gnome zombies 6 jackals 2 foxes a kobold 10 newts 6 goblins 5 sewer rats 10 grid bugs 2 bats 4 lichens 2 kobold zombies 631 creatures vanquished. Voluntary challenges: You had been an atheist until turn 2368. You used a wielded weapon 1396 times, starting on turn 71. You did not use plumbed fixtures. You read items or engraved 17 times, starting on turn 2276. You never genocided any monsters. You never polymorphed an object. You changed form 2 times, starting on turn 4287. You completed Sokoban on turn 8759, according to the rules. You used 2 wishes, starting on turn 10676. You wished for your your first artifact on turn 12750. You never split a pudding. You wrote Elbereth's name 1 time, starting on turn 2276. You violated your moral code, losing 1 point of alignment, starting on turn 18197. Dungeon overview: The Dungeons of Doom: levels 1 to 22 Level 1 (vault) a fountain a long staircase Level 2 Level 3 (locked box) some fountains stairs to The Gnomish Mines Level 4 Level 5 a fountain Level 6 many fountains Level 7 stairs to Sokoban Level 8 a fountain Level 9 Level 10 a temple to Ishtar, some fountains Level 11 some fountains Level 12 (quest) a temple to Anu, a sink Level 13 a general store, a fountain Level 14 Level 15 (vault) a fountain Level 16 some fountains Level 17 (rogue) Level 18 (vault) some fountains Level 19 a fountain Level 20 (vault) Level 21 (vault) a fountain Level 22 (medusa) <- You were here The Gnomish Mines: levels 4 to 12 Level 4 stairs to The Dungeons of Doom Level 5 (leprechaun) Level 6 ( ) many shops, a temple to Anu, a magic chest, some fountains Level 7 Level 8 Level 9 Level 10 (white unicorn) Level 11 Level 12 a magic chest, a fountain Sokoban: levels 3 to 6 Level 3 a magic chest Level 4 Level 5 Level 6 an altar to Anshar, a magic chest stairs to The Dungeons of Doom History has recorded: On T:1 you entered the Dungeons of Doom to retrieve the Amulet of Yendor! On T:70 you reached level 2 of The Dungeons of Doom. On T:957 you reached level 3 of The Dungeons of Doom. On T:966 you advanced to experience level 2. On T:1151 you reached level 4 of The Dungeons of Doom. On T:1299 you reached level 1 of The Gnomish Mines. On T:1344 you advanced to experience level 3. On T:1412 you advanced to experience level 4. On T:1828 you advanced to experience level 5. On T:2146 you reached level 3 of The Gnomish Mines. On T:2233 you reached level 4 of The Gnomish Mines. On T:2359 you entered the Minetown temple On T:2404 you opened a magic chest. On T:2481 you advanced to experience level 6. On T:2733 you reached level 2 of The Gnomish Mines. On T:3075 you advanced to experience level 7. On T:3809 you reached level 5 of The Gnomish Mines. On T:3917 you reached level 6 of The Gnomish Mines. On T:4012 you advanced to experience level 8. On T:4132 you reached level 7 of The Gnomish Mines. On T:4341 you reached level 8 of The Gnomish Mines. On T:5270 you reached level 9 of The Gnomish Mines. On T:5270 you reached the bottom of the Mines. On T:5777 you advanced to experience level 9. On T:6453 you reached level 5 of The Dungeons of Doom. On T:6465 you reached level 6 of The Dungeons of Doom. On T:6899 you reached level 7 of The Dungeons of Doom. On T:6976 you reached level 4 of Sokoban. On T:7222 you reached level 3 of Sokoban. On T:7542 you reached level 2 of Sokoban. On T:8125 you reached level 1 of Sokoban. On T:8759 you advanced to experience level 10. On T:8759 you entered the Sokoban zoo. On T:9099 you reached level 8 of The Dungeons of Doom. On T:9206 you reached level 9 of The Dungeons of Doom. On T:9719 you reached level 10 of The Dungeons of Doom. On T:9910 you reached level 11 of The Dungeons of Doom. On T:9915 you reached level 12 of The Dungeons of Doom. On T:10676 you wished for "+3 blessed fixed greased gray dragon scale mail". On T:10696 you reached level 13 of The Dungeons of Doom. On T:10953 you reached level 14 of The Dungeons of Doom. On T:11115 you reached level 15 of The Dungeons of Doom. On T:11929 you prayed to Anshar. On T:12018 you reached level 16 of The Dungeons of Doom. On T:12229 you advanced to experience level 11. On T:12581 you reached level 17 of The Dungeons of Doom. On T:12581 you entered the Rogue tribute level. On T:12750 you wished for "blessed greased fixed master key of thievery". On T:12926 you reached level 18 of The Dungeons of Doom. On T:15177 you prayed to Anshar. On T:15573 you reached level 19 of The Dungeons of Doom. On T:15794 you reached level 20 of The Dungeons of Doom. On T:16270 you reached level 21 of The Dungeons of Doom. On T:16737 you advanced to experience level 12. On T:16774 you reached level 22 of The Dungeons of Doom. Score breakdown: Gold: 0 ( 0 points) Experience: 12 levels ( 1100 points) Exploration: 22 levels ( 630 points) Discoveries: 69 items ( 2000 points) Variety of kills: 154 monsters ( 2000 points) Major goal: Sokoban/Mines ( 1500 points) Survival: died (score multiplied by 3) Total score: 21690 Latest messages: You start equipping your leather armor. You are now wearing a leather armor. You named this level: vault. You named this level: medusa. You stop searching. You punch the jellyfish. (3x) You miss the jellyfish. You punch the jellyfish! You kill the jellyfish! You miss the island nymph. The island nymph charms you. You gladly start removing your armor. She stole a +0 leather armor. The island nymph tries to rob you, but there is nothing to steal! A mysterious force prevents the island nymph from teleporting! You finish disrobing. The elder gray dragon breathes fragments! The blast of missiles hits you! You punch the island nymph! The island nymph tries to rob you, but there is nothing to steal! A mysterious force prevents the island nymph from teleporting! You miss the island nymph. The elder gray dragon bites! It's a magic attack! The elder gray dragon claws you! (2x) The elder gray dragon breathes fragments! The blast of missiles hits you! You die... Not carrying anything. Final status: Goodbye woodfighter the Cavewoman, killed by a blast of missiles... You died in The Dungeons of Doom on dungeon level 22 with 21690 points, and 0 pieces of gold, after 18463 moves. You were level 12 with a maximum of 83 hit points when you died.